 Dungeon Crawl Stone Soup version 0.29.1-1-gd02db6906a (webtiles) character file.

Game seed: 11547474940856164070

1375 LustLizard the Slasher (level 8, 0/61 HPs)
             Began as a Demonspawn Fighter on Oct 5, 2022.
             Was a Priest of Okawaru.
             Slain by Edmund
             ... wielding a +5 flail of protection
              (3 damage)
             ... on level 6 of the Dungeon.
             The game lasted 00:11:32 (6014 turns).

LustLizard the Slasher (Demonspawn Fighter)         Turns: 6014, Time: 00:11:33

Health: 0/61       AC:  7    Str: 23    XL:     8   Next: 39%
Magic:  17/17      EV: 11    Int: 12    God:    Okawaru [***...]
Gold:   210        SH:  5    Dex: 14    Spells: 4/7 levels left

rFire   . . .      SeeInvis .   a - +0 long sword
rCold   . . .      Faith    .   c - +0 buckler
rNeg    . . .      Spirit   .   b - +0 scale mail
rPois   .          Reflect  .   (no helmet)
rElec   .          Harm     .   (no cloak)
rCorr   .          Rampage  .   (no gloves)
Will    .....                   (no boots)
Stlth   ..........              u - amulet of magic regeneration
HPRegen 0.20/turn               o - +6 ring of strength
MPRegen 0.55/turn               z - ring of magical power

@: no status effects
A: spiny 1, big brain 1, weakness stinger 1
a: Renounce Religion, Heroism


You were on level 6 of the Dungeon.
You worshipped Okawaru.
Okawaru was most pleased with you.
You visited 2 branches of the dungeon, and saw 7 of its levels.

You collected 210 gold pieces.

Inventory:

Hand Weapons
 a - a +0 long sword (weapon)
 D - a +0 short sword
Armour
 b - a +0 scale mail (worn)
 c - a +0 buckler (worn)
 r - a +0 plate armour
 C - a +1 ring mail of cold resistance
Jewellery
 o - a +6 ring of strength (left hand)
 q - a ring of protection from fire
 u - an amulet of magic regeneration (around neck)
 x - a ring of protection from cold
 z - a ring of magical power (right hand)
 A - a ring of positive energy
Scrolls
 e - 2 scrolls of noise
 f - a scroll of amnesia {unknown}
 h - a scroll of magic mapping {unknown}
 i - a scroll of torment {unknown}
 j - a scroll of poison {unknown}
 k - a scroll of blinking {unknown}
 p - 2 scrolls of acquirement {unknown}
 t - 2 scrolls of immolation {unknown}
 w - a scroll of enchant armour {unknown}
 y - a scroll of teleportation {unknown}
 E - a scroll of fear {unknown}
Potions
 d - 3 potions of might
 g - 2 potions of lignification
 l - a potion of heal wounds
 m - 3 potions of curing
 n - 4 potions of degeneration
 s - a potion of resistance
 v - a potion of attraction
 B - a potion of cancellation {unknown}


   Skills:
 + Level 4.8 Fighting
 * Level 5.3 Long Blades
 - Level 4.0 Armour
 + Level 3.3 Dodging
 + Level 4.3 Shields
 - Level 2.4 Conjurations
 * Level 1.0 Translocations
 - Level 2.4 Fire Magic


You had 4 spell levels left.
You knew the following spells:

 Your Spells              Type           Power      Damage    Failure   Level
a - Foxfire               Conj/Fire      20%        2x1d5     36%         1
b - Blink                 Tloc           4%         N/A       71%         2

Your spell library contained the following spells:

 Spells                   Type           Power      Damage    Failure   Level
 Magic Dart               Conj           20%        1d4       36%         1
 Conjure Flame            Conj/Fire      5%         6-21      75%         3
 Inner Flame              Hex/Fire       2%         N/A       89%         3
 Lesser Beckoning         Tloc           2%         N/A       91%         3
 Mephitic Cloud           Conj/Pois/Air  1%         N/A       93%         3
 Flame Wave               Conj/Fire      5%         2d5       98%         4
 Manifold Assault         Tloc           2%         N/A       100%        5
 Call Imp                 Summ           Unusable   N/A       N/A         2

Dungeon Overview and Level Annotations

Branches:
Dungeon (6/15)             Temple (1/1) D:4

Altars:
Ashenzari
Fedhas
Gozag
Okawaru
Ru
Wu Jian
Yredelemnul

Annotations:
D:5 2 runed translucent doors, CertainDeath's ghost, novice GrEE
D:6 Edmund


Innate Abilities, Weirdness & Mutations

You are partially covered in sharp spines.
You have an unusually large brain. (Int +2)
You have a small tail.


Message History

Edmund hits you with a +5 flail of protection.
You gain the combat prowess of a mighty hero.
You block Edmund's attack.
You hit Edmund.
Edmund is moderately wounded.
You hit Edmund but do no damage.
Edmund is moderately wounded.
Edmund closely misses you.
You hit Edmund.
Edmund is heavily wounded.
Edmund hits you with a +5 flail of protection!
You barely miss Edmund.
Edmund is heavily wounded.
You block Edmund's attack.
You completely miss Edmund.
Your tail-slap misses Edmund.
Edmund is heavily wounded.
Edmund is struck by your spines. Edmund closely misses you.
You hit Edmund but do no damage.
Edmund is severely wounded.
Edmund hits you with a +5 flail of protection!
* * * LOW HITPOINT WARNING * * *
You hit Edmund.
Edmund is severely wounded.
You block Edmund's attack.
Unknown command.
You hit Edmund but do no damage.
Your tail-slap misses Edmund.
Edmund is severely wounded.
Edmund is struck by your spines. Edmund hits you but does no damage.
You barely miss Edmund.
Edmund is almost dead.
Edmund misses you.
You hit Edmund. You tail-slap Edmund, but do no damage.
Edmund is almost dead.
You feel like a meek peon again.
Edmund hits you with a +5 flail of protection!
* * * LOW HITPOINT WARNING * * *
You hit Edmund but do no damage.
Edmund is almost dead.
Edmund hits you with a +5 flail of protection.
You die...

#######
#.....#####
#..........
#..........
#..@@......
##...
######.....
#...K ...
##K.. .
#.... #....
#... o#.5.
.'... .#...


You could see Edmund.

Vanquished Creatures
  A water moccasin (D:5)
  2 black bears (D:5)
  3 ogres
  A bullfrog (D:6)
  A necrophage (D:5)
  A water moccasin zombie (D:4)
  A scorpion (D:5)
  4 hounds
  2 jellies
  A gnoll bouda (D:5)
  3 iguanas
  2 orc wizards (D:5)
  7 adders
  10 gnolls
  A shadow imp (D:5)
  A white imp (D:4)
  An ufetubus (D:5)
  An adder zombie (D:4)
  2 worms
  5 dart slugs
  6 orcs
  3 endoplasms
  2 giant cockroaches
  7 hobgoblins
  A jackal (D:3)
  4 quokkas
  4 ball pythons
  4 bats
  3 frilled lizards
  7 goblins
  10 kobolds
  4 rats
105 creatures vanquished.

Vanquished Creatures (others)
  62 foxfires
62 creatures vanquished.

Grand Total: 167 creatures vanquished

Notes
Turn   | Place    | Note
-------+----------+-------------------------------------------
     0 | D:1      | LustLizard the Demonspawn Fighter began the quest for the
                  | Orb.
     0 | D:1      | Reached XP level 1. HP: 18/18 MP: 1/1
   159 | D:1      | Reached skill level 2 in Long Blades
   203 | D:1      | Gained mutation: You are partially covered in sharp spines.
                  | [demonic ancestry]
   203 | D:1      | Reached XP level 2. HP: 22/24 MP: 2/2
   620 | D:1      | Found a blossoming altar of Fedhas.
   936 | D:2      | Reached XP level 3. HP: 29/29 MP: 3/3
   978 | D:2      | Reached skill level 1 in Dodging
  1660 | D:2      | Learned a level 1 spell: Foxfire
  1778 | D:3      | Reached XP level 4. HP: 33/35 MP: 4/4
  1828 | D:3      | Found a faded altar of an unknown god.
  3009 | D:3      | Reached skill level 3 in Long Blades
  3009 | D:3      | Reached skill level 1 in Conjurations
  3009 | D:3      | Gained mutation: You have a small tail. [demonic ancestry]
  3009 | D:3      | Reached XP level 5. HP: 39/41 MP: 5/5
  3031 | D:4      | Found a staircase to the Ecumenical Temple.
  3039 | Temple   | Entered the Ecumenical Temple
  3045 | Temple   | Became a worshipper of Warmaster Okawaru
  3073 | D:4      | Reached skill level 1 in Fire Magic
  3477 | D:4      | Reached XP level 6. HP: 42/47 MP: 6/6
  3511 | D:4      | Found a basalt altar of Yredelemnul.
  3566 | D:4      | Reached * piety under Okawaru
  3870 | D:4      | Found an ornate altar of the Wu Jian Council.
  3898 | D:5      | Entered Level 5 of the Dungeon
  4191 | D:5      | Gained mutation: You have an unusually large brain. (Int
                  | +2) [demonic ancestry]
  4191 | D:5      | Reached XP level 7. HP: 47/53 MP: 7/7
  4265 | D:5      | Reached ** piety under Okawaru
  4266 | D:5      | Reached skill level 4 in Long Blades
  4315 | D:5      | Found a large runed translucent door.
  4716 | D:5      | Reached XP level 8. HP: 57/61 MP: 8/8
  4740 | D:5      | Found a large runed translucent door.
  4807 | D:5      | Reached skill level 5 in Long Blades
  5176 | D:5      | Noticed CertainDeath's ghost (novice GrEE)
  5582 | D:5      | Learned a level 2 spell: Blink
  5702 | D:6      | Reached *** piety under Okawaru
  5853 | D:6      | Reached skill level 1 in Translocations
  5914 | D:6      | Noticed a kobold demonologist
  5930 | D:6      | Noticed a hellwing
  5985 | D:6      | Noticed Edmund
  6013 | D:6      | HP: 3/61 [Edmund/+5 flail of protection (11)]
  6014 | D:6      | Slain by Edmund

Illustrated notes

Levels and vault maps discovered:
D:1:      dpeg_arrival_water_altar, layout_basic, minmay_misc_feat_iff
D:2:      layout_basic, minmay_misc_feat_four_crosses
D:3:      layout_basic, shapermc_ecumenical_altar_venn,
          kennysheep_generic_room_15
D:4:      minmay_general_purpose_star, layout_loops_ring,
          nzn_wu_jian_council_hall, lemuel_zombie_altar_yredelemnul,
          minmay_temple_entry_drinking_statues, dk_rats_in_the_wall
D:5:      layout_basic, ebering_ghost_disaster_area
D:6:      layout_gridville, minmay_manual_mullet, uniq_edmund
Temple:   eino_temple_rhombus

Skill      XL: |  1  2  3  4  5  6  7  8 |
---------------+-------------------------+-----
Long Blades    | 2 3 4 5 |  5.3
Armour         | 3 4 |  4.0
Dodging        | 1 2 3 |  3.3
Shields        | 3 4 |  4.3
Conjurations   | 1 2 |  2.4
Fire Magic     | 1 2 |  2.4
Fighting       | 4 |  4.8
Translocations | 1 |  1.0

Action                   |  1- 3 |  4- 6 |  7- 9 || total
-------------------------+-------+-------+-------++-------
Melee: Long sword        |    81 |   101 |   126 ||   308
       Tailslap          |       |     8 |    21 ||    29
 Cast: Foxfire           |       |     7 |    27 ||    34
Invok: Heroism           |       |       |     1 ||     1
  Use: Scroll            |       |     6 |     1 ||     7
       Potion            |       |       |     1 ||     1
Armor: Scale mail        |    40 |    38 |    29 ||   107
Dodge: Dodged            |    27 |    45 |    59 ||   131
Block: Buckler           |    24 |    32 |    31 ||    87
